 Dungeon Crawl Stone Soup version 0.25.1-2-g60ff931df9 (webtiles) character file.

Game seed: 7546031963741256388

2020 lorenzova the Thaumaturge (level 9, -5/45 HPs)
             Began as a Deep Elf Conjurer on Oct 15, 2020.
             Killed by divine providence
             ... invoked by an orc priest
              (16 damage)
             ... on level 8 of the Dungeon.
             The game lasted 00:09:43 (6832 turns).

lorenzova the Thaumaturge (Deep Elf Conjurer)       Turns: 6832, Time: 00:09:44

Health: -5/45      AC:  8    Str: 11    XL:     9   Next: 3%
Magic:  25/25      EV: 12    Int: 24    God:
Gold:   356        SH:  0    Dex: 15    Spells: 17/28 levels left

rFire    . . .     SeeInvis .   y - +4 short sword (flame)
rCold    . . .     Gourm    .   (no shield)
rNeg     . . .     Faith    .   j - +1 leather armour {rPois}
rPois    +         Spirit   .   s - +2 helmet
rElec    .         Reflect  .   (no cloak)
rCorr    .         Harm     .   r - +0 pair of gloves
MR       .....                  (no boots)
Stlth    ++........             (no amulet)
HPRegen  0.15/turn              e - +6 ring of strength
MPRegen  0.19/turn              (no ring)

@: no status effects
A: no striking features
a: no special abilities


You were on level 8 of the Dungeon.
You were near starving.

You visited 1 branch of the dungeon, and saw 6 of its levels.

You collected 466 gold pieces.
You spent 110 gold pieces at shops.

Inventory:

Hand Weapons
 y - a +4 short sword of flaming (weapon)
Armour
 a - a +1 robe
 j - a +1 leather armour of poison resistance (worn)
 r - a +0 pair of gloves (worn)
 s - a +2 helmet (worn)
 z - a +1 leather armour of magic resistance
Jewellery
 e - a +6 ring of strength (left hand)
 t - an uncursed amulet of faith {unknown}
 u - an uncursed amulet of faith {unknown}
Wands
 b - a wand of flame (21)
 A - a wand of digging (6)
Scrolls
 d - 2 scrolls of enchant armour
 h - 2 scrolls of amnesia {unknown}
 i - 3 scrolls of remove curse {unknown}
 k - 2 scrolls of enchant weapon {unknown}
 o - a scroll of random uselessness {unknown}
 v - a scroll of magic mapping {unknown}
 w - a scroll of identify
 x - a scroll of teleportation {unknown}
Potions
 f - a potion of resistance {unknown}
 g - 2 potions of heal wounds
 l - 2 potions of haste
 m - 2 potions of might {unknown}
 n - 2 potions of curing
 q - 2 potions of mutation {unknown}
Comestibles
 c - 7 rations


   Skills:
 - Level 2.4 Dodging
 - Level 2.4 Stealth
 * Level 10.0 Spellcasting
 * Level 9.1 Conjurations
 + Level 5.1 Hexes
 + Level 4.1 Translocations


You had 17 spell levels left.
You knew the following spells:

 Your Spells              Type           Power        Failure   Level  Hunger
a - Magic Dart            Conj           ####         1%          1    None
b - Searing Ray           Conj           ######       1%          2    None
c - Iskenderun's Mystic   Conj/Tloc      #####...     4%          4    #......
d - Fulminant Prism       Conj/Hex       #####.....   3%          4    #......

Your spell library contained the following spells:

 Spells                   Type           Power        Failure   Level  Hunger
 Dazzling Flash           Conj/Hex       #####.       1%          3    None


Dungeon Overview and Level Annotations

Branches:
Dungeon (5/15)               Lair (0/6) D:8
 Temple: D:4-7

Altars:
Okawaru
Qazlal

Shops:
D:4 *


Message History

The orc barely misses you.
The orc priest miscasts a cantrip.
An orc, an orc warrior and a howler monkey come into view.
The orc warrior shouts!
The orc shouts!
You hear a howl! x2
You hear an angry buzzing noise.
A howler monkey comes into view.
The orc moves out of view.
A howler monkey comes into view.
The howler monkey howls!
The howler monkey hoots and howls with incredible vigour!
You hear an angry buzzing noise.
You hear a shout!
The orc hits you but does no damage.
The howler monkey hoots and howls with incredible vigour!
The orc hits you but does no damage.
You hear two shouts!
You hear an angry buzzing noise.
You hear a shout!
Found a ration.
An orc wizard comes into view. It is wielding a +0 dagger.
The orc priest invokes the aid of Beogh against you.
Beogh smites you!
You die...

##.## ####
#.........#
#..##.....#
#.#####..##.....#
........o........
#Z#####.....###.#
#..##.# .#
#####..##.###.###.##
.......ooooo.@.......
........##o###.######
.######....o. .%.
####.###.### #.# .#
#h# .#


yhh o# #.# .# You could see an orc warrior, an orc priest, an orc wizard
(wandering) and 4 orcs.

Vanquished Creatures
  Duvessa (D:5)
  2 water moccasins
  2 ice beasts (D:5)
  2 ogres
  2 centaurs (D:8)
  Dowan (D:5)
  A water moccasin zombie (D:5)
  8 killer bees (D:8)
  2 howler monkeys
  2 crimson imps (D:8)
  2 orc wizards (D:4)
  A centaur skeleton (D:5)
  A centaur zombie (D:8)
  Ijyb (D:3)
  Terence (D:2)
  4 worker ants
  A hound skeleton (D:4)
  Robin (D:4)
  11 gnolls
  6 adders
  A shadow imp (D:5)
  4 oozes
  An adder skeleton (D:5)
  An adder zombie (D:5)
  2 worms (D:2)
  5 dart slugs
  6 leopard geckos
  6 orcs
  2 giant cockroaches
  16 goblins
  7 hobgoblins
  15 jackals
  3 quokkas
  3 ball pythons
  5 bats
  8 frilled lizards
  4 kobolds
  4 rats
145 creatures vanquished.

Vanquished Creatures (others)
  3 plants (D:8)
3 creatures vanquished.

Grand Total: 148 creatures vanquished

Notes
Turn   | Place    | Note
-------+----------+-------------------------------------------
     0 | D:1      | lorenzova the Deep Elf Conjurer began the quest for the
                  | Orb.
     0 | D:1      | Reached XP level 1. HP: 10/10 MP: 6/6
   203 | D:1      | Reached XP level 2. HP: 15/15 MP: 2/8
   337 | D:1      | Learned a level 2 spell: Searing Ray
   529 | D:1      | Reached skill level 4 in Spellcasting
   529 | D:1      | Reached XP level 3. HP: 19/19 MP: 2/10
   681 | D:1      | Reached skill level 5 in Conjurations
  1219 | D:2      | Found a faded altar of an unknown god.
  1367 | D:2      | Reached XP level 4. HP: 24/24 MP: 7/12
  1436 | D:2      | Noticed Terence
  1442 | D:2      | Killed Terence
  1442 | D:2      | Reached skill level 5 in Spellcasting
  1704 | D:2      | Reached XP level 5. HP: 28/28 MP: 4/14
  2795 | D:3      | Found a stormy altar of Qazlal.
  2924 | D:3      | Noticed Ijyb
  2929 | D:3      | Killed Ijyb
  3188 | D:3      | Reached skill level 6 in Spellcasting
  3727 | D:4      | Reached XP level 6. HP: 26/32 MP: 4/17
  3784 | D:4      | Learned a level 4 spell: Iskenderun's Mystic Blast
  3789 | D:4      | Learned a level 4 spell: Fulminant Prism
  3934 | D:4      | Reached skill level 1 in Hexes
  4034 | D:4      | Reached skill level 1 in Translocations
  4130 | D:4      | Found an iron altar of Okawaru.
  4168 | D:4      | Reached skill level 7 in Spellcasting
  4180 | D:4      | Noticed Robin
  4369 | D:4      | Killed Robin
  4480 | D:4      | Found Zinof's Serpentskin Sales.
  4480 | D:4      | Noticed a water moccasin
  4488 | D:4      | Killed a water moccasin
  4488 | D:4      | Reached XP level 7. HP: 26/36 MP: 10/19
  4824 | D:4      | Bought a +1 leather armour of poison resistance for 110
                  | gold pieces
  4866 | D:5      | Entered Level 5 of the Dungeon
  4986 | D:5      | Reached skill level 8 in Spellcasting
  5016 | D:5      | Reached XP level 8. HP: 34/41 MP: 7/22
  5819 | D:5      | Noticed Dowan
  5985 | D:5      | Noticed Duvessa
  5993 | D:5      | Killed Duvessa
  6121 | D:5      | Killed Dowan
  6227 | D:5      | Reached skill level 9 in Spellcasting
  6284 | D:5      | You fall into a shaft and drop 3 floors!
  6412 | D:8      | Found a staircase to the Lair.
  6412 | D:8      | Noticed a komodo dragon
  6578 | D:8      | Reached skill level 5 in Hexes
  6786 | D:8      | Reached skill level 10 in Spellcasting
  6786 | D:8      | Reached XP level 9. HP: 5/45 MP: 17/25
  6832 | D:8      | Killed from afar by an orc priest

Illustrated notes

Levels and vault maps discovered:
D:1:      saegor_arrival_simple_a, layout_basic
D:2:      layout_rooms, chequers_ecumenical_altar_simple_redux,
          kennysheep_cluttered_room, hangedman_decor_push,
          minmay_misc_feat_doors, chequers_big_river, uniq_terence
D:3:      layout_loops_ring, nicolae_qazlal_general_emergency, uniq_ijyb
D:4:      layout_rooms, kennysheep_okawaru_gauntlet, guppyfry_shop_venom,
          uniq_robin
D:5:      layout_loops_cross, first_ration, uniq_duvessa
D:8:      layout_basic, good_gods_mini_temple, david_lair_shrubbed,
          evilmike_ruin_ashenzari

Skill      XL: |  1  2  3  4  5  6  7  8 |
---------------+-------------------------+-----
Spellcasting   | 4 5 6 7 8 10 | 10.0
Conjurations   | 5 6 7 9 |  9.1
Hexes          | 2 3 5 |  5.1
Translocations | 1 2 4 |  4.1
Dodging        | |  2.4
Stealth        | |  2.4

Action                   |  1- 3 |  4- 6 |  7- 9 || total
-------------------------+-------+-------+-------++-------
Melee: Unarmed           |     2 |       |       ||     2
       Halberd           |       |       |     9 ||     9
       Short sword       |       |       |     1 ||     1
 Cast: Magic Dart        |    65 |   110 |    61 ||   236
       Searing Ray       |     1 |    17 |    24 ||    42
  Use: Scroll            |       |     3 |     1 ||     4
       Potion            |       |     1 |       ||     1
 Stab: Sleeping          |       |       |     1 ||     1
  Eat: Chunk             |     1 |     9 |     6 ||    16
Armor: Robe              |     1 |       |       ||     1
       Leather armour    |       |       |    13 ||    13
Dodge: Dodged            |     6 |    26 |    30 ||    62
